| TOP OF THE 1ST |
|
Bluefield Grays batting - Pitching for Marion Mets : RHP Sergio Hernandez
|
|
Pitching: RHP Sergio Hernandez
|
|
|
Batting: RHB Felix Fermin
|
0-0: Called Strike 0-1: Ball 1-1: Fly out, F9 (Flyball, 89D, EV 86.9 MPH)
|
|
Batting: SHB Casey Candaele
|
0-0: Ball 1-0: Called Strike 1-1: Called Strike 1-2: Ball 2-2: TRIPLE (Flyball, 78XD, EV 95.6 MPH)
|
|
Batting: RHB Charlie Hayes
|
0-0: Ball 1-0: Ball 2-0: Ball 3-0: Base on Balls
|
|
Batting: RHB Richard Diaz
|
0-0: Ball 1-0: Called Strike 1-1: Ball 2-1: Ball 3-1: Foul Ball, location: 2F 3-2: DOUBLE (Flyball, 8RXD, EV 96.9 MPH) Casey Candaele scores Charlie Hayes to third Runner from 3rd tries for Home, SAFE, no throw by CF
|
|
Batting: LHB David Price
|
0-0: Ball 1-0: Called Strike 1-1: Ball 2-1: DOUBLE (Line Drive, 78M, EV 94.4 MPH) Richard Diaz scores
|
|
Batting: SHB Chris Maloney
|
0-0: Called Strike David Price is caught stealing 3rd base 2-5 0-1: Ball 1-1: SINGLE (Groundball, 3S, EV 72.5 MPH) (infield hit)
|
|
Batting: RHB Sam Haley
|
0-0: Ball 1-0: Called Strike 1-1: Ball 2-1: Called Strike 2-2: Ball 3-2: Foul Ball, location: 2F 3-2: Base on Balls Chris Maloney to second
|
|
Batting: RHB James Eurton
|
0-0: SINGLE (Line Drive, 9S, EV 95.6 MPH) Chris Maloney to third Sam Haley to second Runner from 3rd tries for Home, SAFE, throw by RF to home
|
|
Batting: SHB Alex Garcia
|
0-0: Called Strike 0-1: SINGLE (Groundball, 5L, EV 109.4 MPH) Sam Haley to third James Eurton to second Runner from 3rd tries for Home, SAFE, throw by LF to home
|
|
Batting: RHB Felix Fermin
|
0-0: Swinging Strike 0-1: Fly out, F9 (Flyball, 89D, EV 108.8 MPH)
|
| Top of the 1st over - 5 runs, 6 hits, 0 errors, 2 left on base; Bluefield 5 - Marion 0 |
| BOTTOM OF THE 1ST |
|
Marion Mets batting - Pitching for Bluefield Grays : RHP Danny Clay
|
|
Pitching: RHP Danny Clay
|
|
|
Batting: LHB Ricky de la Cruz
|
0-0: Called Strike 0-1: Ball 1-1: Foul Ball, location: 2F 1-2: Ball 2-2: Ball 3-2: Base on Balls
|
|
Batting: LHB Jeff Schulz
|
0-0: Ball 1-0: Ball 2-0: Ball 3-0: Called Strike 3-1: Swinging Strike 3-2: Foul Ball, location: 2F 3-2: Foul Ball, location: 2F 3-2: SINGLE (Line Drive, 89S, EV 97.5 MPH) Ricky de la Cruz to second Runner from 2nd tries for 3rd, SAFE, no throw by RF
|
|
Batting: RHB Rey Quinones
|
0-0: Ball 1-0: Ball 2-0: Swinging Strike 2-1: Foul Ball, location: 2F 2-2: SINGLE (Line Drive, 34, EV 98.1 MPH) Ricky de la Cruz scores Jeff Schulz to second Runner from 2nd tries for 3rd, SAFE, no throw by RF
|
|
Batting: LHB Christopher Chapman
|
0-0: Called Strike 0-1: Ball 1-1: DOUBLE (Line Drive, 89M, EV 110.0 MPH) Jeff Schulz scores Rey Quinones to third
|
|
Batting: RHB Wayne Harrison
|
0-0: Called Strike 0-1: Ball 1-1: Ball 2-1: Foul Ball, location: 2F 2-2: SINGLE (Groundball, 4M, EV 110.6 MPH) (infield hit) Rey Quinones scores Christopher Chapman to third
|
|
Batting: LHB Lorenzo Castillo
|
0-0: Called Strike 0-1: Swinging Strike 0-2: Fly out, F9 (Flyball, 89M, EV 91.3 MPH)
|
|
Batting: RHB Bob Geren
|
0-0: Called Strike 0-1: Swinging Strike 0-2: Ball 1-2: Reached on error, E5 (Groundball, 56S, EV 88.1 MPH) Christopher Chapman scores Wayne Harrison to second
|
|
Batting: RHB Miguel Corona
|
0-0: Called Strike 0-1: Ball 1-1: SINGLE (Line Drive, 7S, EV 106.9 MPH) Wayne Harrison to third Bob Geren to second
|
|
Batting: RHB Jose Maldonado
|
0-0: Foul Ball, location: 2F 0-1: Ball 1-1: Ball 2-1: Foul Ball, location: 2F 2-2: Strikes out swinging
|
|
Batting: LHB Ricky de la Cruz
|
0-0: Fielders Choice at 2nd, 6-4 (Groundball, 6, EV 90.6 MPH)
|
| Bottom of the 1st over - 4 runs, 5 hits, 1 error, 3 left on base; Bluefield 5 - Marion 4 |
| TOP OF THE 2ND |
|
Bluefield Grays batting - Pitching for Marion Mets : RHP Sergio Hernandez
|
|
Batting: SHB Casey Candaele
|
0-0: Reached on error, E8 (Flyball, 8LD, EV 107.5 MPH)
|
|
Batting: RHB Charlie Hayes
|
0-0: SINGLE (Line Drive, 6D, EV 97.5 MPH) Casey Candaele to third Runner from 3rd tries for Home, SAFE, throw by LF to home
|
|
Batting: RHB Richard Diaz
|
0-0: Called Strike 0-1: Ball 1-1: Swinging Strike 1-2: Foul Ball, location: 2F 1-2: Strikes out swinging
|
|
Batting: LHB David Price
|
0-0: Ball 1-0: Ball 2-0: Called Strike 2-1: Ball 3-1: Called Strike 3-2: Base on Balls Charlie Hayes to second
|
|
Batting: SHB Chris Maloney
|
0-0: Called Strike 0-1: Foul Ball, location: 2F 0-2: Foul Ball, location: 2F 0-2: SINGLE (Line Drive, 6M, EV 96.9 MPH) Charlie Hayes to third David Price to second
|
|
Batting: RHB Sam Haley
|
0-0: Swinging Strike 0-1: Foul Ball, location: 2F 0-2: Ball 1-2: Ball 2-2: Ball 3-2: SINGLE (Groundball, 56S, EV 65.6 MPH) (infield hit) Charlie Hayes scores David Price to third Chris Maloney to second
|
|
Pitching: RHP Jose Vargas
|
|
|
Batting: RHB James Eurton
|
0-0: Foul Ball, location: 2F 0-1: Ball 1-1: Called Strike 1-2: Foul Ball, location: 2F 1-2: Foul Ball, location: 2F 1-2: Foul Ball, location: 2F 1-2: Ball 2-2: Foul Ball, location: 2F 2-2: Foul Ball, location: 2F 2-2: Strikes out swinging
|
|
Batting: SHB Alex Garcia
|
0-0: SINGLE (Groundball, 3D, EV 106.3 MPH) David Price scores Chris Maloney to third Sam Haley to second Runner from 3rd tries for Home, SAFE, throw by RF to home Sam Haley to third Alex Garcia to second
|
|
Batting: RHB Felix Fermin
|
0-0: Foul Ball, location: 2F 0-1: Foul Ball, location: 2F 0-2: Ball 1-2: SINGLE (Groundball, 56, EV 100.0 MPH) (infield hit) Sam Haley scores Alex Garcia to third
|
|
Batting: SHB Casey Candaele
|
0-0: Called Strike 0-1: Called Strike 0-2: Foul Ball, location: 2F 0-2: Foul Ball, location: 2F 0-2: Foul Ball, location: 2F 0-2: Ball 1-2: Ball 2-2: Foul Ball, location: 2F 2-2: Ground out 4-3 (Groundball, 4, EV 104.4 MPH)
|
| Top of the 2nd over - 5 runs, 5 hits, 1 error, 2 left on base; Bluefield 10 - Marion 4 |
| BOTTOM OF THE 2ND |
|
Marion Mets batting - Pitching for Bluefield Grays : RHP Danny Clay
|
|
Batting: LHB Jeff Schulz
|
0-0: Foul Ball, location: 2F 0-1: Fly out, F9 (Line Drive, 9D, EV 93.1 MPH)
|
|
Batting: RHB Rey Quinones
|
0-0: Foul Ball, location: 2F 0-1: Called Strike 0-2: Ball 1-2: Ball 2-2: Strikes out swinging
|
|
Batting: LHB Christopher Chapman
|
0-0: Called Strike 0-1: Ball 1-1: Swinging Strike 1-2: Strikes out swinging
|
| Bottom of the 2nd over - 0 runs, 0 hits, 0 errors, 0 left on base; Bluefield 10 - Marion 4 |
| TOP OF THE 3RD |
|
Bluefield Grays batting - Pitching for Marion Mets : RHP Jose Vargas
|
|
Batting: RHB Charlie Hayes
|
0-0: Called Strike 0-1: Called Strike 0-2: Strikes out swinging
|
|
Batting: RHB Richard Diaz
|
0-0: SINGLE (Groundball, 56, EV 100.0 MPH)
|
|
Batting: LHB David Price
|
0-0: Foul Ball, location: 2F 0-1: SINGLE (Groundball, 34D, EV 94.4 MPH) Richard Diaz to second Richard Diaz to third
|
|
Batting: SHB Chris Maloney
|
0-0: Ball 1-0: Called Strike 1-1: Foul Ball, location: 2F 1-2: Fly out, F8 (Flyball, 8RD, EV 98.1 MPH) Runner from 3rd tags up, OUT at HOME! 8-2
|
| Top of the 3rd over - 0 runs, 2 hits, 0 errors, 1 left on base; Bluefield 10 - Marion 4 |
| BOTTOM OF THE 3RD |
|
Marion Mets batting - Pitching for Bluefield Grays : RHP Danny Clay
|
|
Batting: RHB Wayne Harrison
|
0-0: Ball 1-0: Swinging Strike 1-1: Ball 2-1: Fly out, F9 (Line Drive, 9, EV 91.9 MPH)
|
|
Batting: LHB Lorenzo Castillo
|
0-0: Ball 1-0: Reached on error, E6 (Groundball, 6, EV 103.1 MPH)
|
|
Batting: RHB Bob Geren
|
0-0: Ground out 6-3 (Groundball, 56D, EV 90.0 MPH)
|
|
Batting: RHB Miguel Corona
|
0-0: Ground out 4-3 (Groundball, 4, EV 107.5 MPH)
|
| Bottom of the 3rd over - 0 runs, 0 hits, 1 error, 1 left on base; Bluefield 10 - Marion 4 |
| TOP OF THE 4TH |
|
Bluefield Grays batting - Pitching for Marion Mets : RHP Jose Vargas
|
|
Batting: RHB Sam Haley
|
0-0: Ball 1-0: Foul Ball, location: 2F 1-1: Swinging Strike 1-2: Ground out 5-3 (Groundball, 56, EV 101.9 MPH)
|
|
Batting: RHB James Eurton
|
0-0: Swinging Strike 0-1: Ball 1-1: Swinging Strike 1-2: Ball 2-2: Foul Ball, location: 2F 2-2: SINGLE (Flyball, 8RS, EV 83.1 MPH)
|
|
Batting: SHB Alex Garcia
|
0-0: Called Strike 0-1: Ball Pickoff Throw by Catcher to First - Out! 1-1: Ball 2-1: SINGLE (Groundball, 5L, EV 106.9 MPH) (infield hit)
|
|
Batting: RHB Felix Fermin
|
0-0: Called Strike Alex Garcia is caught stealing 2nd base 2-4
|
| Top of the 4th over - 0 runs, 2 hits, 0 errors, 0 left on base; Bluefield 10 - Marion 4 |
| BOTTOM OF THE 4TH |
|
Marion Mets batting - Pitching for Bluefield Grays : RHP Danny Clay
|
|
Batting: RHB Jose Maldonado
|
0-0: Called Strike 0-1: Ball 1-1: Ball 2-1: Fly out, F7 (Flyball, 7S, EV 78.1 MPH)
|
|
Batting: LHB Ricky de la Cruz
|
0-0: Ball 1-0: Ground out 4-3 (Groundball, 4M, EV 103.8 MPH)
|
|
Batting: LHB Jeff Schulz
|
0-0: Ball 1-0: Swinging Strike 1-1: Hit by Pitch
|
|
Batting: RHB Rey Quinones
|
0-0: Foul Ball, location: 2F 0-1: Ball 1-1: Foul Ball, location: 2F 1-2: Ball 2-2: Ball Jeff Schulz steals 2nd base 3-2: Foul Ball, location: 2F 3-2: Ground out 6-3 (Groundball, 6MS, EV 63.1 MPH)
|
| Bottom of the 4th over - 0 runs, 0 hits, 0 errors, 1 left on base; Bluefield 10 - Marion 4 |
| TOP OF THE 5TH |
|
Bluefield Grays batting - Pitching for Marion Mets : RHP Jose Vargas
|
|
Batting: RHB Felix Fermin
|
0-0: Ball 1-0: Called Strike 1-1: Ball 2-1: SINGLE (Groundball, 56, EV 104.4 MPH)
|
|
Batting: SHB Casey Candaele
|
0-0: Fly out, F7 (Flyball, 78M, EV 91.9 MPH)
|
|
Batting: RHB Charlie Hayes
|
0-0: Called Strike Felix Fermin steals 2nd base 0-1: Ball 1-1: Swinging Strike 1-2: Strikes out swinging
|
|
Batting: RHB Richard Diaz
|
0-0: Ball 1-0: Swinging Strike 1-1: Foul Ball, location: 2F 1-2: Ball 2-2: Foul Ball, location: 2F 2-2: Strikes out swinging
|
| Top of the 5th over - 0 runs, 1 hit, 0 errors, 1 left on base; Bluefield 10 - Marion 4 |
| BOTTOM OF THE 5TH |
|
Marion Mets batting - Pitching for Bluefield Grays : RHP Danny Clay
|
|
Batting: LHB Christopher Chapman
|
0-0: Swinging Strike 0-1: Foul Ball, location: 2F 0-2: Ball 1-2: Ground out 2-3 (Groundball, 13S, EV 69.4 MPH)
|
|
Batting: RHB Wayne Harrison
|
0-0: Ball 1-0: SOLO HOME RUN (Flyball, 7LD, EV 103.8 MPH), Distance : 370 ft
|
|
Batting: LHB Lorenzo Castillo
|
0-0: Foul Ball, location: 2F 0-1: Ball 1-1: Called Strike 1-2: Fly out, F3 (Popup, 23F, EV 81.9 MPH)
|
|
Batting: RHB Bob Geren
|
0-0: Ball 1-0: Swinging Strike 1-1: Called Strike 1-2: Foul Ball, location: 2F 1-2: Ball 2-2: Ground out 6-3 (Groundball, 56, EV 100.6 MPH)
|
| Bottom of the 5th over - 1 run, 1 hit, 0 errors, 0 left on base; Bluefield 10 - Marion 5 |
| TOP OF THE 6TH |
|
Bluefield Grays batting - Pitching for Marion Mets : RHP Jose Vargas
|
|
Batting: LHB David Price
|
0-0: Called Strike 0-1: Ball 1-1: Ball 2-1: Fly out, F7 (Flyball, 7D, EV 89.4 MPH)
|
|
Batting: SHB Chris Maloney
|
0-0: Ball 1-0: Foul Ball, location: 2F 1-1: Swinging Strike 1-2: Ball 2-2: Strikes out looking
|
|
Batting: RHB Sam Haley
|
0-0: Called Strike 0-1: Ball 1-1: Ball 2-1: Foul Ball, location: 2F 2-2: Fly out, F8 (Line Drive, 8RM, EV 97.5 MPH)
|
| Top of the 6th over - 0 runs, 0 hits, 0 errors, 0 left on base; Bluefield 10 - Marion 5 |
| BOTTOM OF THE 6TH |
|
Marion Mets batting - Pitching for Bluefield Grays : RHP Danny Clay
|
|
Pitching: RHP Tim Criswell
|
|
|
Batting: RHB Miguel Corona
|
0-0: Ball 1-0: Swinging Strike 1-1: Ball 2-1: Ball 3-1: Base on Balls
|
|
Batting: RHB Jose Maldonado
|
0-0: Ball 1-0: Grounds into double play, 6-4-3 (Groundball, 6, EV 103.1 MPH)
|
|
Batting: LHB Ricky de la Cruz
|
0-0: Called Strike 0-1: Ball 1-1: Ball 2-1: Swinging Strike 2-2: Foul Ball, location: 2F 2-2: Ball 3-2: Base on Balls
|
|
Batting: LHB Jeff Schulz
|
0-0: Foul Ball, location: 2F 0-1: Fielders Choice at 2nd, 6-4 (Groundball, 6, EV 100.6 MPH)
|
| Bottom of the 6th over - 0 runs, 0 hits, 0 errors, 1 left on base; Bluefield 10 - Marion 5 |
| TOP OF THE 7TH |
|
Bluefield Grays batting - Pitching for Marion Mets : RHP Jose Vargas
|
|
Batting: RHB James Eurton
|
0-0: Called Strike 0-1: SINGLE (Groundball, 56S, EV 68.1 MPH) (infield hit)
|
|
Batting: SHB Alex Garcia
|
0-0: Foul Ball, location: 2F 0-1: Ball 1-1: Fielders Choice at 2nd, 4-6 (Groundball, 4, EV 84.4 MPH)
|
|
Pitching: RHP Guillermo Valenzuela
|
|
|
Batting: RHB Felix Fermin
|
0-0: Called Strike 0-1: Fly out, F4 (Popup, 4, EV 62.5 MPH)
|
|
Batting: SHB Casey Candaele
|
0-0: Ball Alex Garcia steals 2nd base 1-0: Fly out, F2 (Popup, 2RF, EV 83.8 MPH)
|
| Top of the 7th over - 0 runs, 1 hit, 0 errors, 1 left on base; Bluefield 10 - Marion 5 |
| BOTTOM OF THE 7TH |
|
Marion Mets batting - Pitching for Bluefield Grays : RHP Tim Criswell
|
|
Batting: RHB Rey Quinones
|
0-0: Ball 1-0: Ball 2-0: Ground out 5-3 (Groundball, 56S, EV 85.0 MPH)
|
|
Batting: LHB Christopher Chapman
|
0-0: Ball 1-0: Called Strike 1-1: Foul Ball, location: 2F 1-2: Ball 2-2: Foul Ball, location: 2F 2-2: Fly out, F7 (Flyball, 7, EV 86.9 MPH)
|
|
Batting: RHB Wayne Harrison
|
0-0: Fly out, F8 (Flyball, 89D, EV 100.0 MPH)
|
| Bottom of the 7th over - 0 runs, 0 hits, 0 errors, 0 left on base; Bluefield 10 - Marion 5 |
| TOP OF THE 8TH |
|
Bluefield Grays batting - Pitching for Marion Mets : RHP Guillermo Valenzuela
|
|
Batting: RHB Charlie Hayes
|
0-0: Ball 1-0: Fly out, F9 (Flyball, 9S, EV 87.5 MPH)
|
|
Batting: RHB Richard Diaz
|
0-0: Ball 1-0: Swinging Strike 1-1: SOLO HOME RUN (Flyball, 78XD, EV 90.6 MPH), Distance : 456 ft
|
|
Batting: LHB David Price
|
0-0: Ball 1-0: Called Strike 1-1: Foul Ball, location: 2F 1-2: Ball 2-2: SINGLE (Groundball, 4MD, EV 104.4 MPH)
|
|
Batting: SHB Chris Maloney
|
0-0: Ball 1-0: Foul Ball, location: 2F 1-1: Foul Ball, location: 2F 1-2: Ball 2-2: Foul Ball, location: 2F 2-2: SINGLE (Groundball, 5L, EV 94.4 MPH) David Price to second
|
|
Batting: RHB Sam Haley
|
0-0: Called Strike 0-1: Called Strike 0-2: Foul Ball, location: 2F 0-2: Strikes out swinging
|
|
Batting: RHB James Eurton
|
0-0: Called Strike 0-1: Foul Ball, location: 2F 0-2: Foul Ball, location: 2F 0-2: Ball 1-2: Strikes out swinging
|
| Top of the 8th over - 1 run, 3 hits, 0 errors, 2 left on base; Bluefield 11 - Marion 5 |
| BOTTOM OF THE 8TH |
|
Marion Mets batting - Pitching for Bluefield Grays : RHP Tim Criswell
|
|
Batting: LHB Lorenzo Castillo
|
0-0: Ball 1-0: Fly out, F8 (Flyball, 8RD, EV 93.8 MPH)
|
|
Batting: RHB Bob Geren
|
0-0: Ball 1-0: Ball 2-0: Foul Ball, location: 2F 2-1: Swinging Strike 2-2: Ball 3-2: Base on Balls
|
|
Batting: RHB Miguel Corona
|
0-0: Fielders Choice at 2nd, 5-4 (Groundball, 5, EV 84.4 MPH)
|
|
Batting: RHB Jose Maldonado
|
0-0: Foul Ball, location: 2F 0-1: Ball 1-1: Foul Ball, location: 2F 1-2: Strikes out swinging
|
| Bottom of the 8th over - 0 runs, 0 hits, 0 errors, 1 left on base; Bluefield 11 - Marion 5 |
| TOP OF THE 9TH |
|
Bluefield Grays batting - Pitching for Marion Mets : RHP Guillermo Valenzuela
|
|
Pitching: RHP Gregory Hammond
|
|
|
Batting: SHB Alex Garcia
|
0-0: Called Strike 0-1: Swinging Strike 0-2: Ball 1-2: Ball 2-2: Strikes out looking
|
|
Batting: RHB Felix Fermin
|
0-0: Ball 1-0: Called Strike 1-1: Ball 2-1: Foul Ball, location: 2F 2-2: Strikes out swinging
|
|
Batting: SHB Casey Candaele
|
0-0: Called Strike 0-1: Ball 1-1: Swinging Strike 1-2: Ball 2-2: Strikes out swinging
|
| Top of the 9th over - 0 runs, 0 hits, 0 errors, 0 left on base; Bluefield 11 - Marion 5 |
| BOTTOM OF THE 9TH |
|
Marion Mets batting - Pitching for Bluefield Grays : RHP Tim Criswell
|
|
Batting: LHB Ricky de la Cruz
|
0-0: Ball 1-0: Ball 2-0: Ground out 3-1 (Groundball, 34S, EV 78.1 MPH)
|
|
Batting: LHB Jeff Schulz
|
0-0: Ball 1-0: Ball 2-0: Called Strike 2-1: Ball 3-1: Called Strike 3-2: Foul Ball, location: 2F 3-2: Ground out 5-3 (Groundball, 5, EV 96.3 MPH)
|
|
Batting: RHB Rey Quinones
|
0-0: Ball 1-0: Fly out, F9 (Line Drive, 9, EV 92.5 MPH)
|
| Bottom of the 9th over - 0 runs, 0 hits, 0 errors, 0 left on base; Bluefield 11 - Marion 5 |
|